TOP OF THE 1ST |
Appleton Foxes batting - Pitching for Quad Cities Angels : LHP Casey Hagan
|
Pitching: LHP Casey Hagan
|
|
Batting: SHB Matt Gallegos
|
0-0: Ball 1-0: Called Strike 1-1: Ball 2-1: Ball 3-1: SINGLE (Groundball, 5S, EV 64.4 MPH) (infield hit)
|
Batting: RHB Philip Sutton
|
0-0: Ball 1-0: Called Strike 1-1: Foul Ball, location: 2F 1-2: Ball 2-2: Ball 3-2: Strikes out swinging
|
Batting: RHB Douglas Lulay
|
0-0: Called Strike Matt Gallegos steals 2nd base 0-1: Ball 1-1: Swinging Strike 1-2: Ball 2-2: Strikes out swinging
|
Batting: RHB Jack Upton
|
0-0: Ball 1-0: Ball 2-0: Ball 3-0: Base on Balls
|
Batting: RHB Victor Mata
|
0-0: Ground out 6-3 (Groundball, 4MS, EV 81.9 MPH)
|
Top of the 1st over - 0 runs, 1 hit, 0 errors, 2 left on base; Appleton 0 - Quad Cities 0 |
BOTTOM OF THE 1ST |
Quad Cities Angels batting - Pitching for Appleton Foxes : RHP Mark Grant
|
Pitching: RHP Mark Grant
|
|
Batting: RHB Rolando Roomes
|
0-0: Called Strike 0-1: Ball 1-1: Fly out, F9 (Flyball, 9, EV 85.0 MPH)
|
Batting: RHB Oscar Mejia
|
0-0: Ball 1-0: Ball 2-0: Called Strike 2-1: Foul Ball, location: 2F 2-2: Ball 3-2: Ground out 5-3 (Groundball, 5, EV 88.1 MPH)
|
Batting: RHB Dionisio DeJesus
|
0-0: Ball 1-0: Called Strike 1-1: Called Strike 1-2: Ball 2-2: Foul Ball, location: 2F 2-2: Ball 3-2: Foul Ball, location: 2F 3-2: Ground out 6-3 (Groundball, 6, EV 76.3 MPH)
|
Bottom of the 1st over - 0 runs, 0 hits, 0 errors, 0 left on base; Appleton 0 - Quad Cities 0 |
TOP OF THE 2ND |
Appleton Foxes batting - Pitching for Quad Cities Angels : LHP Casey Hagan
|
Batting: LHB John Csefalvay
|
0-0: Ball 1-0: Foul Ball, location: 2F 1-1: Ball 2-1: Called Strike 2-2: Ball 3-2: Base on Balls
|
Batting: RHB Jeffery Carl
|
0-0: Ground out 4-3 (Groundball, 4S, EV 69.4 MPH) John Csefalvay to second
|
Batting: RHB Stan Holmes
|
0-0: Called Strike John Csefalvay is caught stealing 3rd base 2-5 0-1: Ball 1-1: Foul Ball, location: 2F 1-2: Foul Ball, location: 2F 1-2: Ball 2-2: SINGLE (Flyball, 8LS, EV 90.6 MPH)
|
Batting: RHB Peter Rowe
|
0-0: Ball 1-0: Called Strike 1-1: Ball 2-1: Foul Ball, location: 2F 2-2: Ball 3-2: Base on Balls Stan Holmes to second
|
Batting: SHB Matt Gallegos
|
0-0: Ball 1-0: Foul Ball, location: 2F 1-1: Fielders Choice at 2nd, 6-4 (Groundball, 6, EV 88.8 MPH)
|
Top of the 2nd over - 0 runs, 1 hit, 0 errors, 2 left on base; Appleton 0 - Quad Cities 0 |
BOTTOM OF THE 2ND |
Quad Cities Angels batting - Pitching for Appleton Foxes : RHP Mark Grant
|
Batting: LHB Bob Helsom
|
0-0: Called Strike 0-1: Foul Ball, location: 2F 0-2: Ball 1-2: Ground out 4-3 (Groundball, 4, EV 98.8 MPH)
|
Batting: RHB Stewart Bringhurst
|
0-0: Ball 1-0: Called Strike 1-1: Foul Ball, location: 2F 1-2: SINGLE (Line Drive, 8LS, EV 111.9 MPH)
|
Batting: LHB Chuck Sandberg
|
0-0: Called Strike 0-1: Fly out, F9 (Flyball, 9LM, EV 89.4 MPH)
|
Batting: RHB Greg Griffin
|
0-0: Ball 1-0: Foul Ball, location: 2F 1-1: Fielders Choice at 2nd, 5-4 (Groundball, 56, EV 85.0 MPH)
|
Bottom of the 2nd over - 0 runs, 1 hit, 0 errors, 1 left on base; Appleton 0 - Quad Cities 0 |
TOP OF THE 3RD |
Appleton Foxes batting - Pitching for Quad Cities Angels : LHP Casey Hagan
|
Batting: RHB Philip Sutton
|
0-0: Ball 1-0: Called Strike 1-1: Ball 2-1: Ball 3-1: Foul Ball, location: 2F 3-2: Ground out U3 (Groundball, 34, EV 88.1 MPH)
|
Batting: RHB Douglas Lulay
|
0-0: Called Strike 0-1: Foul Ball, location: 2F 0-2: Ball 1-2: Ball 2-2: Ball 3-2: DOUBLE (Flyball, 8LXD, EV 96.9 MPH)
|
Batting: RHB Jack Upton
|
0-0: Foul Ball, location: 2F 0-1: Ball 1-1: SINGLE (Line Drive, 7S, EV 107.5 MPH) Douglas Lulay to third
|
Batting: RHB Victor Mata
|
0-0: Called Strike 0-1: Fielders Choice at 2nd, 5-4 (Groundball, 56, EV 85.0 MPH) Douglas Lulay scores
|
Batting: LHB John Csefalvay
|
0-0: Fly out, F9 (Line Drive, 9, EV 98.1 MPH)
|
Top of the 3rd over - 1 run, 2 hits, 0 errors, 1 left on base; Appleton 1 - Quad Cities 0 |
BOTTOM OF THE 3RD |
Quad Cities Angels batting - Pitching for Appleton Foxes : RHP Mark Grant
|
Batting: RHB Carlos Rios
|
0-0: Ground out 5-3 (Groundball, 56S, EV 82.5 MPH)
|
Batting: RHB Lance Ediger
|
0-0: Ball 1-0: Foul Ball, location: 2F 1-1: Foul Ball, location: 2F 1-2: Strikes out swinging
|
Batting: RHB Rolando Roomes
|
0-0: Ball 1-0: Ball 2-0: Foul Ball, location: 2F 2-1: Ground out 5-3 (Groundball, 5S, EV 81.9 MPH)
|
Bottom of the 3rd over - 0 runs, 0 hits, 0 errors, 0 left on base; Appleton 1 - Quad Cities 0 |
TOP OF THE 4TH |
Appleton Foxes batting - Pitching for Quad Cities Angels : LHP Casey Hagan
|
Batting: RHB Jeffery Carl
|
0-0: Ball 1-0: Foul Ball, location: 2F 1-1: Ball 2-1: Ball 3-1: Base on Balls
|
Batting: RHB Stan Holmes
|
0-0: SINGLE (Groundball, 56D, EV 95.0 MPH) Jeffery Carl to second
|
Batting: RHB Peter Rowe
|
0-0: Ball 1-0: Foul Ball, location: 2F 1-1: Ball 2-1: Ball 3-1: SINGLE (Groundball, 6D, EV 101.9 MPH) Jeffery Carl to third Stan Holmes to second Runner from 3rd tries for Home, SAFE, throw by LF to home
|
Batting: SHB Matt Gallegos
|
0-0: Ball 1-0: Ball 2-0: Ball 3-0: Base on Balls Stan Holmes to third Peter Rowe to second
|
Batting: RHB Philip Sutton
|
0-0: Called Strike 0-1: Ball 1-1: Called Strike 1-2: Strikes out looking
|
Batting: RHB Douglas Lulay
|
0-0: Called Strike 0-1: Ball 1-1: SINGLE (Groundball, 6MD, EV 101.9 MPH) Stan Holmes scores Peter Rowe to third Matt Gallegos to second Runner from 3rd tries for Home, throw by CF and OUT! 8-2
|
Batting: RHB Jack Upton
|
0-0: Called Strike 0-1: Ball 1-1: Called Strike 1-2: Ball 2-2: Fly out, F7 (Flyball, 7LM, EV 93.1 MPH)
|
Top of the 4th over - 2 runs, 3 hits, 0 errors, 2 left on base; Appleton 3 - Quad Cities 0 |
BOTTOM OF THE 4TH |
Quad Cities Angels batting - Pitching for Appleton Foxes : RHP Mark Grant
|
Batting: RHB Oscar Mejia
|
0-0: Reached on error, E4 (Groundball, 4, EV 85.6 MPH)
|
Batting: RHB Dionisio DeJesus
|
0-0: Fly out, F5 (Line Drive, 5, EV 69.4 MPH)
|
Batting: LHB Bob Helsom
|
0-0: Ball 1-0: Called Strike 1-1: Ball 2-1: Ball 3-1: Base on Balls Oscar Mejia to second
|
Batting: RHB Stewart Bringhurst
|
0-0: Swinging Strike 0-1: Ball 1-1: Ball 2-1: Grounds into double play, 4-6-3 (Groundball, 4M, EV 90.6 MPH)
|
Bottom of the 4th over - 0 runs, 0 hits, 1 error, 1 left on base; Appleton 3 - Quad Cities 0 |
TOP OF THE 5TH |
Appleton Foxes batting - Pitching for Quad Cities Angels : LHP Casey Hagan
|
Batting: RHB Victor Mata
|
0-0: Ball 1-0: Called Strike 1-1: Called Strike 1-2: Ball 2-2: SINGLE (Line Drive, 8RS, EV 93.8 MPH)
|
Pitching: RHP Rickey Lear
|
|
Batting: LHB John Csefalvay
|
0-0: Ball 1-0: Ball 2-0: Ball 3-0: Called Strike 3-1: Base on Balls Victor Mata to second
|
Batting: RHB Jeffery Carl
|
0-0: Called Strike 0-1: Foul Ball, location: 2F 0-2: Strikes out swinging
|
Batting: RHB Stan Holmes
|
0-0: Ball 1-0: Foul Ball, location: 2F 1-1: Ball 2-1: Called Strike 2-2: Foul Ball, location: 2F 2-2: Fly out, F8 (Flyball, 8RS, EV 94.4 MPH)
|
Batting: RHB Peter Rowe
|
0-0: Foul Ball, location: 2F 0-1: Ball 1-1: Called Strike 1-2: Ball 2-2: Foul Ball, location: 2F 2-2: Fly out, F9 (Flyball, 9, EV 83.1 MPH)
|
Top of the 5th over - 0 runs, 1 hit, 0 errors, 2 left on base; Appleton 3 - Quad Cities 0 |
BOTTOM OF THE 5TH |
Quad Cities Angels batting - Pitching for Appleton Foxes : RHP Mark Grant
|
Batting: LHB Chuck Sandberg
|
0-0: Bunt missed! 0-1: Ball 1-1: Ground out 4-3 (Groundball, 4, EV 91.9 MPH)
|
Batting: RHB Greg Griffin
|
0-0: Called Strike 0-1: Ball 1-1: Called Strike 1-2: Strikes out looking
|
Batting: RHB Carlos Rios
|
0-0: Ball 1-0: Called Strike 1-1: Fly out, F8 (Flyball, 8LD, EV 104.4 MPH)
|
Bottom of the 5th over - 0 runs, 0 hits, 0 errors, 0 left on base; Appleton 3 - Quad Cities 0 |
TOP OF THE 6TH |
Appleton Foxes batting - Pitching for Quad Cities Angels : RHP Rickey Lear
|
Batting: SHB Matt Gallegos
|
0-0: Foul Ball, location: 2F 0-1: Ball 1-1: Foul Ball, location: 2F 1-2: Ball 2-2: Foul Ball, location: 2F 2-2: Foul Ball, location: 2F 2-2: Foul Ball, location: 2F 2-2: SINGLE (Groundball, 6MS, EV 73.8 MPH) (infield hit)
|
Batting: RHB Philip Sutton
|
0-0: Ball 1-0: Bunted foul 1-1: Ball 2-1: Sac Bunt to 13S - play at first, batter OUT! 1-4 Matt Gallegos to second
|
Batting: RHB Douglas Lulay
|
0-0: Ball 1-0: Ball Matt Gallegos steals 3rd base 2-0: Ball 3-0: Base on Balls
|
Batting: RHB Jack Upton
|
0-0: Swinging Strike 0-1: Ball 1-1: Swinging Strike 1-2: Strikes out looking
|
Batting: RHB Victor Mata
|
0-0: Reached via error on a dropped throw from SS, E4 (Groundball, 6, EV 76.9 MPH) Matt Gallegos scores Douglas Lulay to second
|
Batting: LHB John Csefalvay
|
0-0: Ball 1-0: Ball 2-0: Foul Ball, location: 2F 2-1: SINGLE (Line Drive, 34, EV 95.6 MPH) Douglas Lulay to third Victor Mata to second Runner from 3rd tries for Home, throw by RF and OUT! 9-2
|
Top of the 6th over - 1 run, 2 hits, 1 error, 2 left on base; Appleton 4 - Quad Cities 0 |
BOTTOM OF THE 6TH |
Quad Cities Angels batting - Pitching for Appleton Foxes : RHP Mark Grant
|
Batting: RHB Lance Ediger
|
0-0: Fly out, F7 (Flyball, 78S, EV 83.1 MPH)
|
Batting: RHB Rolando Roomes
|
0-0: Called Strike 0-1: Fly out, F7 (Line Drive, 7, EV 93.8 MPH)
|
Batting: RHB Oscar Mejia
|
0-0: Swinging Strike 0-1: Ball 1-1: Swinging Strike 1-2: Fly out, F6 (Popup, 6, EV 62.5 MPH)
|
Bottom of the 6th over - 0 runs, 0 hits, 0 errors, 0 left on base; Appleton 4 - Quad Cities 0 |
TOP OF THE 7TH |
Appleton Foxes batting - Pitching for Quad Cities Angels : RHP Rickey Lear
|
Batting: RHB Jeffery Carl
|
0-0: Ball 1-0: Foul Ball, location: 2F 1-1: Fly out, F7 (Flyball, 7LM, EV 76.3 MPH)
|
Batting: RHB Stan Holmes
|
0-0: Called Strike 0-1: Ball 1-1: Foul Ball, location: 2F 1-2: Foul Ball, location: 2F 1-2: Ball 2-2: Ball 3-2: Ground out U3 (Groundball, 34S, EV 85.6 MPH)
|
Batting: RHB Peter Rowe
|
0-0: Ball 1-0: Ball 2-0: Called Strike 2-1: Called Strike 2-2: Fly out, F4 (Popup, 13, EV 76.9 MPH)
|
Top of the 7th over - 0 runs, 0 hits, 0 errors, 0 left on base; Appleton 4 - Quad Cities 0 |
BOTTOM OF THE 7TH |
Quad Cities Angels batting - Pitching for Appleton Foxes : RHP Mark Grant
|
Batting: RHB Dionisio DeJesus
|
0-0: Fly out, F6 (Line Drive, 6, EV 68.8 MPH)
|
Batting: LHB Bob Helsom
|
0-0: Ball 1-0: Foul Ball, location: 2F 1-1: Called Strike 1-2: Ball 2-2: Ball 3-2: SINGLE (Groundball, 4D, EV 101.9 MPH)
|
Batting: RHB Stewart Bringhurst
|
0-0: Foul Ball, location: 2F 0-1: Ball 1-1: Fly out, F6 (Popup, 15S, EV 74.4 MPH)
|
Batting: LHB Chuck Sandberg
|
0-0: Called Strike 0-1: Swinging Strike 0-2: Ball 1-2: Foul Ball, location: 2F 1-2: Foul Ball, location: 2F 1-2: Ball 2-2: Fielders Choice at 2nd, U4 (Groundball, 4M, EV 92.5 MPH)
|
Bottom of the 7th over - 0 runs, 1 hit, 0 errors, 1 left on base; Appleton 4 - Quad Cities 0 |
TOP OF THE 8TH |
Appleton Foxes batting - Pitching for Quad Cities Angels : RHP Rickey Lear
|
Batting: SHB Matt Gallegos
|
0-0: Foul Ball, location: 2F 0-1: Ground out 4-3 (Groundball, 4, EV 85.0 MPH)
|
Batting: RHB Philip Sutton
|
0-0: Called Strike 0-1: DOUBLE (Line Drive, 78D, EV 106.3 MPH)
|
Pitching: RHP John Harness
|
|
Batting: RHB Douglas Lulay
|
0-0: Called Strike 0-1: Ball 1-1: Ground out 4-3 (Groundball, 4, EV 108.1 MPH) Philip Sutton to third
|
Batting: RHB Jack Upton
|
0-0: Ball 1-0: Swinging Strike 1-1: Ball 2-1: Ball 3-1: Fly out, F7 (Flyball, 7LM, EV 93.1 MPH)
|
Top of the 8th over - 0 runs, 1 hit, 0 errors, 1 left on base; Appleton 4 - Quad Cities 0 |
BOTTOM OF THE 8TH |
Quad Cities Angels batting - Pitching for Appleton Foxes : RHP Mark Grant
|
Batting: RHB Greg Griffin
|
0-0: Ball 1-0: Swinging Strike 1-1: Ball 2-1: Called Strike 2-2: Ball 3-2: Strikes out swinging
|
Batting: RHB Carlos Rios
|
0-0: Called Strike 0-1: Fly out, F8 (Flyball, 8LS, EV 89.4 MPH)
|
Batting: RHB Lance Ediger
|
0-0: Ball 1-0: Foul Ball, location: 2F 1-1: Fly out, F6 (Flyball, 56D, EV 90.0 MPH)
|
Bottom of the 8th over - 0 runs, 0 hits, 0 errors, 0 left on base; Appleton 4 - Quad Cities 0 |
TOP OF THE 9TH |
Appleton Foxes batting - Pitching for Quad Cities Angels : RHP John Harness
|
Batting: RHB Victor Mata
|
0-0: Called Strike 0-1: Fly out, F9 (Flyball, 9S, EV 83.8 MPH)
|
Batting: LHB John Csefalvay
|
0-0: Ball 1-0: Ball 2-0: Ball 3-0: Base on Balls
|
Batting: RHB Jeffery Carl
|
0-0: Fly out, F9 (Line Drive, 9, EV 96.3 MPH)
|
Batting: RHB Stan Holmes
|
0-0: Foul Ball, location: 2F 0-1: Reached on error, E6 (Groundball, 6, EV 92.5 MPH) John Csefalvay to second
|
Batting: RHB Peter Rowe
|
0-0: Ball 1-0: Ball 2-0: Foul Ball, location: 2F 2-1: SINGLE (Groundball, 4MD, EV 105.0 MPH) John Csefalvay to third Stan Holmes to second Runner from 3rd tries for Home, SAFE, throw by CF to home
|
Batting: SHB Matt Gallegos
|
0-0: Foul Ball, location: 2F 0-1: Ball 1-1: Ball 2-1: Foul Ball, location: 2F 2-2: Strikes out looking
|
Top of the 9th over - 1 run, 1 hit, 1 error, 2 left on base; Appleton 5 - Quad Cities 0 |
BOTTOM OF THE 9TH |
Quad Cities Angels batting - Pitching for Appleton Foxes : RHP Mark Grant
|
Batting: RHB Rolando Roomes
|
0-0: Ball 1-0: Fly out, F9 (Line Drive, 9D, EV 93.8 MPH)
|
Batting: RHB Oscar Mejia
|
0-0: Foul Ball, location: 2F 0-1: Foul Ball, location: 2F 0-2: Ball 1-2: Ball 2-2: Fly out, F9 (Flyball, 9, EV 86.9 MPH)
|
Batting: RHB Dionisio DeJesus
|
0-0: Ball 1-0: Ball 2-0: Called Strike 2-1: Ball 3-1: Swinging Strike 3-2: SINGLE (Flyball, 7LS, EV 88.8 MPH)
|
Batting: LHB Bob Helsom
|
0-0: Swinging Strike 0-1: Ball 1-1: Fielders Choice at 2nd, 5-4 (Groundball, 56, EV 85.6 MPH)
|
Bottom of the 9th over - 0 runs, 1 hit, 0 errors, 1 left on base; Appleton 5 - Quad Cities 0 |
|